 Dungeon Crawl Stone Soup version 0.19.5 (webtiles) character file.

4 tidbits the Cutter (level 1, 0/13 HPs)
             Began as a High Elf Wanderer on Aug 8, 2017.
             Slain by a rat (1 damage)
             ... on level 1 of the Dungeon.
             The game lasted 00:01:15 (132 turns).

tidbits the Cutter (High Elf Wanderer)               Turns: 132, Time: 00:01:15

Health: 0/13       AC:  2    Str: 11    XL:     1   Next: 50%
Magic:  2/2        EV: 12    Int: 16    God:
Gold:   0          SH:  0    Dex: 13    Spells: 0 memorised, 0 levels left

rFire  . . .     SeeInvis .     a - +2 short sword
rCold  . . .     Gourm    .     B - +0 robe
rNeg   . . .     Faith    .     (no shield)
rPois  .         Spirit   .     (no helmet)
rElec  .         Reflect  .     (no cloak)
rCorr  .         Harm     .     (no gloves)
MR     .....                    (no boots)
Stlth  ++........               (no amulet)
                                (no ring)
                                (no ring)

@: no status effects
A: no striking features
a: no special abilities


You were on level 1 of the Dungeon.
You were not hungry.

You visited 1 branch of the dungeon, and saw 1 of its levels.

Inventory:

Hand Weapons
 a - a +2 short sword (weapon)
 b - a +0 spear
 c - a +0 hand crossbow
Missiles
 d - 42 bolts
 i - 7 stones (quivered)
Armour
 B - a +0 robe (worn)
Scrolls
 h - a scroll of remove curse {unknown}
 j - a scroll of identify {unknown}
Potions
 e - 2 potions of haste {unknown}
 g - a potion of agility {unknown}
Comestibles
 f - a bread ration


   Skills:
 - Level 1.0 Fighting
 - Level 2.4 Short Blades
 - Level 2.0 Crossbows
 - Level 1.0 Throwing
 - Level 1.7 Armour
 + Level 1.2 Dodging
 - Level 1.1 Stealth
   Level 1.0 Shields


You couldn't memorise any spells.
You didn't know any spells.

Dungeon Overview and Level Annotations

Branches:
Dungeon (1/15)

Altars:


Message History

A rat comes into view.
The bat hits you but does no damage.
You miss the bat.
The bat is moderately wounded.
The bat closely misses you. The bat closely misses you.
You hit the bat.
You kill the bat!
There is a stone staircase leading down here.
You see here a fizzy yellow potion.
g - a fizzy yellow potion The rat bites you.
You barely miss the rat. The rat closely misses you.
You hit the rat.
The rat is heavily wounded.
The rat barely misses you.
You puncture the rat!
You kill the rat!
You see here a rat corpse.
Found a scroll labeled ORCHIY VUXUFOU.
h - a scroll labeled ORCHIY VUXUFOU A kobold comes into view.
It is wielding a short sword.
A kobold comes into view.
The kobold shouts!
The kobold hits you with a short sword.
The kobold throws a stone.
The stone hits you but does no damage.
You see here a stone.
The kobold throws a stone.
The stone closely misses you.
The kobold throws a stone.
The stone misses you.
You see here a stone.
The kobold throws a stone.
The stone hits you.
* * * LOW HITPOINT WARNING * * *
You see here a stone.
The kobold closely misses you.
The kobold throws a stone.
The stone hits you but does no damage.
You see here 2 stones.
You hit the kobold.
You kill the kobold!
You miss the kobold. You hit the kobold.
You kill the kobold!
Things that are here:
a short sword; a stone
Things that are here:
2 stones; a kobold corpse You see here 2 stones.
i - 2 stones
i - 4 stones (gained 2)
You see here a kobold corpse.
i - 5 stones (gained 1)
You see here a short sword.
i - 6 stones (gained 1)
i - 7 stones (gained 1)
i - 8 stones (gained 1)
Found a scroll labeled HUGOJE ABIFIO.
Found 20 bolts.
j - a scroll labeled HUGOJE ABIFIO
d - 42 bolts (gained 20)
A goblin comes into view.
The goblin shouts!
A rat comes into view.
A kobold comes into view. It is wielding a whip.
You barely miss the goblin. The goblin barely misses you.
You closely miss the goblin. The goblin hits you.
* * * LOW HITPOINT WARNING * * *
You hit the goblin.
The goblin is severely wounded.
The goblin closely misses you.
You barely miss the goblin.
The goblin is severely wounded.
The goblin hits you.
* * * LOW HITPOINT WARNING * * *
You closely miss the goblin.
The goblin is severely wounded.
The goblin hits you.
* * * LOW HITPOINT WARNING * * *
You closely miss the goblin.
The goblin is severely wounded.
The goblin hits you but does no damage.
You barely miss the goblin.
The goblin is severely wounded.
The goblin misses you.
The kobold shouts!
You hit the goblin.
You kill the goblin!
Your Dodging skill increases to level 1!
The kobold throws a stone.
The stone hits you but does no damage.
Throwing (i - inventory):
i - 8 stones (quivered)
Press: ? - help, Shift-Dir - straight line, f - rat
Aim: a rat
Okay, then.
Throwing (i - inventory):
i - 8 stones (quivered)
Press: ? - help, Shift-Dir - straight line, f - kobold
Aim: a kobold, wielding a whip You throw a stone.
The stone hits the rat.
The rat is severely wounded.
You barely miss the rat.
The rat is severely wounded.
The rat bites you.
You die...

.K.... ...... .....#### #.# ..
.... ..#...# ... #r.##.##..# .
....##..#@##..####.....#
........#r##...........#
........(.##.#..##.....#
.......K.....#.........#
#...##.........#.#.....# ###
###.......#.......# ......
..........###......### .......
##..........#.####....
.......######.............##.....


You could see a kobold and a rat.

Vanquished Creatures
  A goblin (D:1)
  A bat (D:1)
  2 kobolds (D:1)
  A rat (D:1)
5 creatures vanquished.

Notes
Turn   | Place    | Note
-------+----------+-------------------------------------------
     0 | D:1      | tidbits the High Elf Wanderer began the quest for the Orb.
     0 | D:1      | tidbits set off with: a +2 short sword, a +0 spear, a +0 hand crossbow, 22 bolts, a +0 robe, a bread ration
     0 | D:1      | Reached XP level 1. HP: 13/13 MP: 2/2
   126 | D:1      | HP: 1/13 [goblin (2)]
   129 | D:1      | Reached skill level 1 in Dodging
   132 | D:1      | Slain by a rat

Skill      XL: |  1 |
---------------+----+-----
Dodging        | 1 |  1.2
Fighting       | |  1.0
Short Blades   | |  2.4
Crossbows      | |  2.0
Throwing       | |  1.0
Armour         | |  1.7
Stealth        | |  1.1
Shields        | |  1.0

Action                   || total
-------------------------++-------
Melee: Short sword       ||    18
Throw: Stone             ||     1
Armor: Robe              ||     4
Dodge: Dodged            ||    10

Table legend:
 A = Turns spent in this place as a percentage of turns spent in the entire game.
 B = Non-inter-level travel turns spent in this place as a percentage of non-inter-level travel turns spent in the entire game.
 C = Inter-level travel turns spent in this place as a percentage of turns spent in this place.
 D = Turns resting spent in this place as a percentage of non-inter-level travel turns spent in this place.
 E = Turns spent auto-exploring this place as a percentage of non-inter-level travel turns spent in this place.
 F = Non-inter-level travel turns spent in this place divided by the number of levels of this place that you've seen.
                   A       B       C       D       E      F
               +-------+-------+-------+-------+-------+----------------------
         Total | 100.0 | 100.0 |   0.0 |   0.0 |   0.0 | 134.0
       Dungeon | 100.0 | 100.0 |   0.0 |   0.0 |   0.0 | 134.0
               +-------+-------+-------+-------+-------+----------------------

Table legend:
 A = Kills in this place as a percentage of kills in entire the game.
 B = Kills by you in this place as a percentage of kills by you in the entire game.
 C = Kills by friends in this place as a percentage of kills by friends in the entire game.
 D = Other kills in this place as a percentage of other kills in the entire game.
 E = Experience gained in this place as a percentage of experience gained in the entire game.
 F = Experience gained in this place divided by the number of levels of this place that you have seen.
                   A       B       C       D       E      F
               +-------+-------+-------+-------+-------+----------------------
         Total | 100.0 | 100.0 |  -nan |  -nan | 100.0 |   6.0
       Dungeon | 100.0 | 100.0 |  -nan |  -nan | 100.0 |   6.0
               +-------+-------+-------+-------+-------+----------------------

Vault maps used:
D:1:      ncdulo_wetmaze
